 Dungeon Crawl Stone Soup version 0.18.1-8-gdd0e5ea (webtiles) character file.

4743 Jerry the Blocker (level 10, -2/63 HPs)
             Began as a Demonspawn Fighter on May 23, 2016.
             Was a Follower of Ashenzari.
             Slain by a wyvern (11 damage)
             ... on level 9 of the Dungeon.
             The game lasted 00:59:05 (14847 turns).

Jerry the Blocker (Demonspawn Fighter)             Turns: 14847, Time: 00:59:05

Health: -2/63      AC: 18    Str: 19    XL:     10   Next: 22%
Magic:  10/10      EV:  7    Int:  9    God:    Ashenzari [*.....]
Gold:   539        SH: 11    Dex: 12    Spells: 0 memorised, 9 levels left

rFire  . . .     SeeInvis .     A - +0 whip (curse)
rCold  + . .     Gourm    .     K - +0 plate armour (curse)
rNeg   + . .     Faith    .     c - +0 shield
rPois  +         Spirit   .     r - +0 helmet (curse)
rElec  .         Dismiss  .     l - +0 cloak (curse)
rCorr  .         Reflect  .     p - +0 pair of gloves (curse)
SustAt .         Harm     .     m - +0 pair of boots (curse)
MR     .....                    T - amulet of regeneration
Stlth  ..........               E - ring of positive energy
                                v - ring of poison resistance (curse)

@: not resistant to hostile enchantments, extremely unstealthy
A: hooves 2, cold resistance 1, demonic guardian 1, frail 1, sense surroundings
1, weak 1, freezing cloud immunity, sturdy frame 2
a: Curse Item, Scrying, Renounce Religion


You were on level 9 of the Dungeon.
You worshipped Ashenzari.
Ashenzari was aware of your devotion.
You were not hungry.

You visited 2 branches of the dungeon, and saw 10 of its levels.
You also visited: Sewer.

You collected 539 gold pieces.

Inventory:

Hand Weapons
 a - a +0 flail
 A - a cursed +0 whip (weapon)
 M - a +1 dire flail of crushing
 O - a cursed +1 morningstar of freezing
 Q - the +6 falchion of Buoxaa Pacox {elec, Int+4}
   (You found it on level 7 of the Dungeon)

   Occasionally, upon striking a foe, it will discharge some electrical energy
   and cause terrible harm.
   It affects your intelligence (+4).
Missiles
 k - 7 tomahawks (quivered)
Armour
 c - a +0 shield (worn)
 l - a cursed +0 cloak (worn)
 m - a cursed +0 pair of boots (worn)
 p - a cursed +0 pair of gloves (worn)
 r - a cursed +0 helmet (worn)
 K - a cursed +0 plate armour (worn)
 W - a troll hide
Jewellery
 b - an uncursed ring of wizardry
 j - an uncursed amulet of guardian spirit
 v - a cursed ring of poison resistance (left hand)
 E - a ring of positive energy (right hand)
 H - the ring "Henwiu Orips" {*Confuse +Fly rF++ rN+++}
   (You found it on level 5 of the Dungeon)

   [ring of flight]

   It greatly protects you from fire.
   It renders you almost immune to negative energy.
   It lets you fly.
   It may confuse you when you take damage.
 S - an uncursed amulet of magic regeneration
 T - an amulet of regeneration (around neck)
Wands
 h - a wand of random effects (12/48)
 R - a wand of flame (17/48)
Scrolls
 d - a scroll of random uselessness {unknown}
 e - 2 scrolls of immolation
 i - a scroll of noise {unknown}
 n - 4 scrolls of teleportation {unknown}
 o - 4 scrolls of enchant weapon {unknown}
 s - 3 scrolls of identify
 y - a scroll of amnesia {unknown}
 z - 2 scrolls of recharging {unknown}
 C - 2 scrolls of blinking {unknown}
 F - a scroll of holy word {unknown}
 I - a scroll of summoning {unknown}
 J - 2 scrolls of fear {unknown}
 N - a scroll of silence {unknown}
 P - a scroll of torment {unknown}
 X - a scroll of remove curse
Potions
 g - 7 potions of curing
 q - a potion of flight
 t - 3 potions of brilliance
 w - 3 potions of heal wounds
 x - 3 potions of agility
 B - 2 potions of haste
 D - 2 potions of magic {unknown}
 G - 2 potions of degeneration {unknown}
 L - a potion of lignification {unknown}
Books
 U - a book of Alchemy

   Spells                             Type                      Level
   a - Sublimation of Blood           Necromancy                   2
   b - Ignite Poison                  Fire/Transmutation/Poison    3
   c - Petrify                        Transmutation/Earth          4
   d - Alistair's Intoxication        Transmutation/Poison         5
   e - Irradiate                      Conjuration/Transmutation    5
Comestibles
 f - 3 bread rations
 u - 6 meat rations
 V - a chunk of flesh
 Y - 24 fruits


   Skills:
 - Level 3.6 Fighting
 + Level 8.8 Maces & Flails
 - Level 7.0 Armour
 + Level 9.0 Shields


You had 9 spell levels left.
You didn't know any spells.

Dungeon Overview and Level Annotations

Branches:
Dungeon (9/15)             Temple (1/1) D:7
   Lair: D:8-11         Orc: D:9-12

Altars:
Ashenzari
Cheibriados
Dithmenos
Elyvilon
Fedhas
Gozag
Kikubaaqudgha
Nemelex Xobeh
Pakellas
Qazlal
Ru
Sif Muna
Trog
Vehumet
Xom
Yredelemnul
The Shining One

Annotations:
D:6 exclusion: oklob plant


Innate Abilities, Weirdness & Mutations

You have hoof-like feet.
Your flesh is cold resistant.
A weak demonic guardian rushes to your aid.
You are immune to freezing clouds.
Your movements are less encumbered by armour (ER -4).
You are frail (-10% HP).
You passively map a small area around you.
You are weak. (Str -2)


Message History

The wyvern is severely wounded.
The wyvern bites you but does no damage.
You barely miss the wyvern.
The wyvern is severely wounded.
The wyvern bites you!
You barely miss the wyvern.
The wyvern is severely wounded.
You block the wyvern's attack. The wyvern bites you!
* * * LOW HITPOINT WARNING * * *
You are too injured to fight recklessly!
You are too injured to fight recklessly!
You are too injured to fight recklessly!
You barely miss the wyvern.
The wyvern is severely wounded.
The wyvern hisses menacingly.
The wyvern bites you but does no damage.
You hit the wyvern.
The wyvern is almost dead.
The wyvern bites you!
You die...

** * * , * * * * *
**,* , ** ,, * ##
* ** , ..# , ** ,*
* #.# #.#.######
#.# *
*#.....al@##+##
#.#
*#..##.##.#...##
#.## , .?.
#.)....## ###.#. ,
..#..,#.......##
#....# #.# #..
###......####...##
# ##+,
,###....'.......#
* , ,
#....####....> *
,, #...## #...## *
, *#..## #.....


You could see a wyvern and a worker ant.

Vanquished Creatures
  A troll (D:9)
  A wyvern (D:9)
  A hungry ghost (D:8)
  Edmund (D:6)
  4 ice beasts
  2 ogres (D:8)
  5 orc warriors
  2 sky beasts
  An eye of draining (D:9)
  A black bear (D:9)
  4 centaurs
  3 big kobolds
  2 giant frogs
  4 scorpions
  3 killer bees (D:8)
  4 wights (D:8)
  2 crimson imps
  A giant frog zombie (D:8)
  2 quasits
  2 jellies (D:6)
  5 hounds
  A centaur skeleton (D:6)
  A giant frog skeleton (D:8)
  5 orc priests
  6 orc wizards
  A gnoll shaman (D:7)
  Jessica (D:2)
  3 worker ants
  2 iguanas
  A hound zombie (D:5)
  A worker ant zombie (D:3)
  3 gnolls (D:7)
  13 adders
  3 river rats (Sewer)
  3 shadow imps
  2 oozes
  2 adder skeletons (D:7)
  3 worms
  A dart slug (D:1)
  4 giant geckos
  24 orcs
  9 ball pythons
  9 giant cockroaches
  9 goblins
  7 hobgoblins
  7 jackals
  35 kobolds
  3 quokkas
  11 bats
  5 giant newts
  32 rats
  A plant (D:6)
259 creatures vanquished.

Vanquished Creatures (collateral kills)
  A troll (D:9)
  An ogre (D:5)
  3 centaurs
  Blork the orc (D:6)
  A scorpion (D:4)
  A wight (D:8)
  A crimson imp (D:5)
  2 orc wizards
  An adder (D:3)
  4 orcs
  A bat (D:3)
  4 kobolds
  A fungus (D:6)
22 creatures vanquished.

Vanquished Creatures (others)
  4 fungi (D:6)
  2 plants (D:6)
6 creatures vanquished.

Grand Total: 287 creatures vanquished

Notes
Turn   | Place    | Note
--------------------------------------------------------------
     0 | D:1      | Jerry the Demonspawn Fighter began the quest for the Orb.
     0 | D:1      | Reached XP level 1. HP: 18/18 MP: 1/1
    59 | D:1      | Gained mutation: Your movements are slightly less encumbered by armour (ER -2). [demonic ancestry]
    59 | D:1      | Reached XP level 2. HP: 20/24 MP: 2/2
   652 | D:1      | Reached XP level 3. HP: 29/29 MP: 3/3
  1112 | D:2      | Reached skill level 3 in Shields
  1563 | D:2      | Noticed Jessica
  1567 | D:2      | Killed Jessica
  1567 | D:2      | Gained mutation: A weak demonic guardian rushes to your aid. [demonic ancestry]
  1567 | D:2      | Reached XP level 4. HP: 35/35 MP: 4/4
  1610 | D:2      | Found a deep blue altar of Sif Muna.
  1973 | D:3      | Found a glowing drain.
  2009 | Sewer    | Entered a sewer
  2412 | Sewer    | Gained mutation: You have large cloven feet. [demonic ancestry]
  2412 | Sewer    | Reached XP level 5. HP: 41/41 MP: 5/5
  2835 | Sewer    | Reached skill level 4 in Shields
  3092 | D:3      | Reached XP level 6. HP: 47/47 MP: 6/6
  3382 | D:3      | Noticed an ice beast
  3408 | D:3      | Killed an ice beast
  3966 | D:4      | Found a shimmering altar of Xom.
  4208 | D:4      | Found a glowing golden altar of the Shining One.
  4705 | D:4      | Found a shadowy altar of Dithmenos.
  4791 | D:5      | Entered Level 5 of the Dungeon
  4842 | D:5      | Gained mutation: Your flesh is cold resistant. [demonic ancestry]
  4842 | D:5      | Reached XP level 7. HP: 49/52 MP: 7/7
  4883 | D:5      | Got a brightly glowing silver ring
  4886 | D:5      | Identified the ring "Henwiu Orips" {*Confuse +Fly rF++ rN+++} (You found it on level 5 of the Dungeon)
  5120 | D:5      | Reached skill level 5 in Shields
  5308 | D:5      | Found a bloodstained altar of Trog.
  6034 | D:6      | Reached skill level 5 in Maces & Flails
  6116 | D:6      | Reached skill level 5 in Armour
  6327 | D:6      | Noticed Blork the orc
  6352 | D:6      | Killed Blork the orc
  6458 | D:6      | Gained mutation: Your movements are less encumbered by armour (ER -4). [demonic ancestry]
  6458 | D:6      | Reached XP level 8. HP: 29/59 MP: 8/8
  6675 | D:5      | HP: 2/59 [orc warrior/battleaxe (13)]
  7323 | D:6      | Found a blossoming altar of Fedhas.
  7503 | D:6      | Noticed an oklob plant
  8527 | D:6      | Reached skill level 6 in Shields
  8972 | D:6      | Found a snail-covered altar of Cheibriados.
  9241 | D:6      | Noticed Edmund
  9506 | D:6      | Killed Edmund
 10242 | D:7      | Gained mutation: You are immune to freezing clouds. [demonic ancestry]
 10242 | D:7      | Reached XP level 9. HP: 57/64 MP: 9/9
 10286 | D:7      | Found a staircase to the Ecumenical Temple.
 10290 | Temple   | Entered the Ecumenical Temple
 10519 | Temple   | Became a worshipper of Ashenzari the Shackled
 10698 | D:7      | Identified the +6 falchion of Buoxaa Pacox {elec, Int+4}
 11032 | D:8      | Found an oddly glowing altar of Pakellas.
 11107 | D:8      | Reached skill level 7 in Shields
 11687 | D:8      | Noticed a red ugly thing
 11792 | D:6      | HP: 2/64 [acid (4)]
 12157 | D:8      | Found a white marble altar of Elyvilon.
 12609 | D:8      | Reached skill level 8 in Shields
 13719 | D:8      | Gained mutation: You are weak. (Str -2) [potion of mutation]
 13719 | D:8      | Gained mutation: You are frail (-10% HP). [potion of mutation]
 13719 | D:8      | Gained mutation: You passively map a small area around you. [potion of mutation]
 13913 | D:9      | Gained mutation: You have hoof-like feet. [demonic ancestry]
 13913 | D:9      | Reached XP level 10. HP: 50/63 MP: 10/10
 14211 | D:9      | Reached * piety under Ashenzari
 14385 | D:9      | Found a sparkling altar of Nemelex Xobeh.
 14709 | D:9      | Reached skill level 9 in Shields
 14847 | D:9      | Slain by a wyvern

Skill      XL: |  1  2  3  4  5  6  7  8  9 10 |
---------------+-------------------------------+-----
Maces & Flails | 2 3 4 5 6 8 |  8.8
Shields        | 3 4 5 6 8 9 |  9.0
Armour         | 3 4 5 6 7 |  7.0
Fighting       | |  3.6

Action                   |  1- 3 |  4- 6 |  7- 9 | 10-12 || total
-------------------------+-------+-------+-------+-------++-------
Melee: Flail             |   146 |   344 |       |       ||   490
       Whip              |       |   151 |  1438 |   238 ||  1827
Throw: Tomahawk          |     3 |     1 |     5 |     2 ||    11
Invok: Curse Item        |       |       |     5 |       ||     5
Evoke: Wand              |       |       |       |     6 ||     6
  Use: Potion            |       |     2 |     7 |     2 ||    11
       Scroll            |       |       |     8 |       ||     8
 Stab: Distracted        |       |       |     5 |     1 ||     6
  Eat: Chunk             |     2 |    12 |    13 |     3 ||    30
       Beef jerky        |       |       |     2 |       ||     2
       Bread ration      |       |       |     4 |       ||     4
Armor: Scale mail        |    87 |   326 |   184 |       ||   597
       Plate armour      |       |       |   309 |    79 ||   388
Dodge: Dodged            |    47 |   203 |   276 |    40 ||   566
Block: Shield            |    68 |   318 |   580 |    99 ||  1065
